 Dungeon Crawl Stone Soup version 0.30.1-1-g62c8e00024 (webtiles) character file.

Game seed: 5538067662651697965

336 Peloso the Slasher (level 6, -3/53 HPs)
             Began as a Minotaur Fighter on July 17, 2023.
             Succumbed to Edmund's poison
             ... on level 4 of the Dungeon.
             The game lasted 00:04:49 (2035 turns).

Peloso the Slasher (Minotaur Fighter)               Turns: 2035, Time: 00:04:52

Health: -3/53      AC: 14    Str: 20    XL:     6   Next: 28%
Magic:  5/5        EV:  6    Int:  5    God:
Gold:   196        SH:  5    Dex: 12    Spells: 5/5 levels left

rFire   . . .        a - +0 long sword
rCold   . . .        d - +0 buckler
rNeg    . . .        p - +0 plate armour
rPois   .            (helmet restricted)
rElec   .            (no cloak)
rCorr   .            r - +1 pair of gloves
SInv    .            (no boots)
Will    .....        (no amulet) Stlth
                     (no ring)
HPRegen 0.28/turn    (no ring)
MPRegen 0.09/turn

%: no passive effects
@: lethally poisoned (-3 -> -22)
A: horns 2, retaliatory headbutt
a: no special abilities


You were on level 4 of the Dungeon.
You visited 1 branch of the dungeon, and saw 4 of its levels.

You collected 196 gold pieces.

Inventory:

Hand Weapons
 a - a +0 long sword (weapon)
Armour
 b - a +0 scale mail
 c - a +0 chain mail
 d - a +0 buckler (worn)
 p - a +0 plate armour (worn)
 r - a +1 pair of gloves (worn)
Wands
 l - a wand of flame (14)
Scrolls
 f - a scroll of enchant weapon {unknown}
 g - a scroll of teleportation {unknown}
 j - 2 scrolls of identify {unknown}
 m - a scroll of silence {unknown}
 n - a scroll of enchant armour {unknown}
 o - a scroll of fear {unknown}
Potions
 e - 2 potions of flight
 i - a potion of might
 s - a potion of curing {unknown}
 t - a potion of attraction {unknown}


   Skills:
 + Level 4.6 Fighting
 + Level 5.7 Long Blades
 + Level 5.1 Armour
 + Level 1.6 Dodging
 + Level 4.3 Shields


You had 5 spell levels left.
You didn't know any spells.
Your spell library was empty.

Dungeon Overview and Level Annotations

Branches:
Dungeon (4/15)
 Temple: D:4-7

Altars:
Kikubaaqudgha
Wu Jian
The Shining One

Shops:
D:2 (

Annotations:
D:2 Ijyb
D:3 Sigmund
D:4 Edmund


Innate Abilities, Weirdness & Mutations

You have a pair of horns on your head.
You reflexively headbutt those who attack you in melee.


Message History

You feel very sick. Edmund closely misses you.
Unknown command.
* * * LOW HITPOINT WARNING * * *
You feel very sick.
Unknown command.
You closely miss Edmund. Your headbutt misses Edmund.
Edmund is moderately wounded.
You feel very sick. Edmund hits you but does no damage.
You are lethally poisoned!
Unknown command.
You slash Edmund! You headbutt Edmund.
Edmund is severely wounded.
You feel less invigorated.
You feel less confused.
You feel very sick. Edmund hits you but does no damage.
Unknown command.
You hit Edmund.
Edmund is severely wounded.
You feel very sick.
Edmund hits you with a +4 dire flail of venom!
* * * LOW HITPOINT WARNING * * *
You are more poisoned.
Unknown command.
It was a potion of lignification.
You turn into a tree.
Your +1 pair of gloves melds into your body.
Your +0 plate armour melds into your body.
Your roots penetrate the ground.
* * * LOW HITPOINT WARNING * * *
You feel very sick. You block Edmund's attack.
It was a potion of cancellation.
Your magical effects are unravelling.
You feel magically purged.
You feel less wooden.
Your +1 pair of gloves unmelds from your body.
Your +0 plate armour unmelds from your body.
You die...

#########
)........
######### # #
####.# #### #....#
...# #.# ##.######
#.# ##......#####
#@# ....>.......#
#@# #######.###.#
#.# #.# #.# #.#
#.# #.# #.#
#.###.# #.#
#..##.# #.#
##.##.# #.#
#######.##(####.##
.................#


You could see Edmund.

Vanquished Creatures
  A phantom (D:4)
  2 scorpions (D:4)
  A howler monkey (D:4)
  Jessica (D:3)
  2 adders (D:2)
  An ufetubus (D:2)
  2 dart slugs
  An endoplasm (D:1)
  A giant cockroach (D:3)
  9 goblins
  8 hobgoblins
  2 quokkas
  7 ball pythons
  4 bats
  2 frilled lizards (D:1)
  4 kobolds
  3 rats
51 creatures vanquished.

Notes
Turn   | Place    | Note
-------+----------+-------------------------------------------
     0 | D:1      | Peloso the Minotaur Fighter began the quest for the Orb.
     0 | D:1      | Reached XP level 1. HP: 19/19 MP: 0/0
   127 | D:1      | Reached XP level 2. HP: 19/27 MP: 1/1
   437 | D:1      | Found a faded altar of an unknown god.
   625 | D:2      | Found Beju's Antique Weapon Emporium.
   648 | D:2      | Reached skill level 1 in Dodging
   648 | D:2      | Reached XP level 3. HP: 13/33 MP: 2/2
   839 | D:2      | Identified the +4 dagger of the Median {speed, Str+2}
   839 | D:2      | Noticed Ijyb
  1196 | D:3      | Found a glowing golden altar of the Shining One.
  1199 | D:3      | Noticed Jessica
  1228 | D:3      | Killed Jessica
  1229 | D:3      | Reached XP level 4. HP: 12/40 MP: 3/3
  1401 | D:3      | Noticed Sigmund
  1643 | D:4      | Noticed a phantom
  1655 | D:4      | Killed a phantom
  1656 | D:4      | Reached XP level 5. HP: 46/47 MP: 4/4
  1666 | D:4      | Found an ornate altar of the Wu Jian Council.
  1691 | D:4      | Reached skill level 5 in Long Blades
  1744 | D:4      | Found an ancient bone altar of Kikubaaqudgha.
  1832 | D:4      | Reached skill level 5 in Armour
  1832 | D:4      | Reached XP level 6. HP: 43/53 MP: 5/5
  2018 | D:4      | Noticed Edmund
  2034 | D:4      | HP: 3/79 [poisoned by Edmund]
  2035 | D:4      | Succumbed to Edmund's poison

Illustrated notes

Levels and vault maps discovered:
D:1:      amcnicky_arrival_gap_in_the_tavern_cellar, layout_rooms,
          hellmonk_ecumenical_altar_pennies_from_heaven
D:2:      kennysheep_the_goblin_king, layout_loops_ring, serial_shops, shop,
          minmay_tall_x
D:3:      layout_loops_ring, mainiacjoe_overflow_concentric_impassable,
          uniq_sigmund, uniq_terence, uniq_jessica
D:4:      layout_loops_ring, lemuel_tele_altar,
          mainiacjoe_overflow_small_starburst, minmay_temple_entry_butterflies,
          uniq_edmund

Skill      XL: |  1  2  3  4  5 |
---------------+----------------+-----
Fighting       | 4 |  4.6
Armour         | 4 5 |  5.1
Dodging        | 1 |  1.6
Shields        | 4 |  4.3
Long Blades    | 4 5 |  5.7

Action                     |  1- 3 |  4- 6 || total
---------------------------+-------+-------++-------
  Melee: Long sword        |   101 |    67 ||   168
         Headbutt          |    14 |     7 ||    21
    Use: Potion            |     1 |     3 ||     4
         Scroll            |     1 |       ||     1
 Armour: Scale mail        |    44 |       ||    44
         Chain mail        |    24 |    25 ||    49
         Plate armour      |       |    22 ||    22
  Dodge: Dodged            |    51 |    22 ||    73
  Block: Buckler           |    24 |    20 ||    44
